 Dungeon Crawl Stone Soup version 0.27.1-35-g4d5d836560 (webtiles) character file.

Game seed: 6736152360428536657

207 Delamore the Sneak (level 5, -2/34 HPs)
             Began as an Octopode Brigand on Apr 12, 2022.
             Splashed by a jelly's acid (9 damage)
             ... on level 2 of the Dungeon.
             The game lasted 00:01:31 (2007 turns).

Delamore the Sneak (Octopode Brigand)               Turns: 2007, Time: 00:01:31

Health: -2/34      AC: -3    Str: 10    XL:     5   Next: 85%
Magic:  5/5        EV: 12    Int: 14    God:
Gold:   86         SH:  0    Dex: 14    Spells: 4/4 levels left

rFire    . . .     SeeInvis .   a - +2 dagger
rCold    . . .     Faith    .   (no shield)
rNeg     . . .     Spirit   .   (helmet restricted)
rPois    +         Reflect  .   (no amulet)
rElec    .         Harm     .   m - ring of poison resistance
rCorr    .         Rampage  .   n - ring of wizardry
Will     .....                  (no ring)
Stlth    ++++......             (no ring)
HPRegen  0.11/turn              (no ring)
MPRegen  0.09/turn              (no ring)
                                (no ring)
                                (no ring)

@: corroded
A: almost no armour, amphibious, 8 rings, camouflage 1, gelatinous body 1,
(nimble swimmer 1), tentacles
a: no special abilities


You were on level 2 of the Dungeon.
You visited 1 branch of the dungeon, and saw 2 of its levels.

You collected 86 gold pieces.

Inventory:

Hand Weapons
 a - a +2 dagger (weapon)
Missiles
 b - 26 poisoned darts
 e - 2 curare-tipped darts (quivered)
Jewellery
 m - a ring of poison resistance (left tentacle)
 n - a ring of wizardry (right tentacle)
Wands
 c - a wand of flame (6)
Scrolls
 f - a scroll of enchant armour
 g - a scroll of identify {unknown}
 h - a scroll of magic mapping {unknown}
 i - a scroll of amnesia {unknown}
 l - a scroll of immolation {unknown}
Potions
 d - a potion of heal wounds {unknown}
 j - a potion of invisibility {unknown}
 k - a potion of cancellation {unknown}
 o - a potion of mutation {unknown}


   Skills:
 - Level 2.0 Fighting
 * Level 4.9 Short Blades
 - Level 2.0 Throwing
 - Level 1.0 Dodging
 + Level 7.0 Stealth


You had 4 spell levels left.
You didn't know any spells.
Your spell library was empty.

Dungeon Overview and Level Annotations

Branches:
Dungeon (2/15)

Altars:


Innate Abilities, Weirdness & Mutations

You cannot wear most types of armour.
You are amphibious.
You can wear up to eight rings at the same time.
Your skin changes colour to match your surroundings (Stealth+).
Your rubbery body absorbs attacks. (AC +1, EV +1)
((You are camouflaged near water. (Stealth+)))
You have tentacles for arms and can constrict up to eight enemies at once.


Message History

The endoplasm quivers.
The endoplasm hits you.
You hit the endoplasm.
The endoplasm is moderately wounded.
The endoplasm freezes you.
You are frozen.
You hit the endoplasm.
The endoplasm is almost dead.
The endoplasm misses you.
There is an open door here.
Things that are here:
a +0 short sword; a kobold corpse The endoplasm freezes you.
You are frozen.
You hit the endoplasm.
You kill the endoplasm!
No target in view!
No target in view!
No target in view!
No target in view!
No target in view!
No target in view!
You start resting.
A jelly is nearby!
The jelly quivers.
The jelly hits you.
You are splashed with acid!
You hit the jelly.
Your tentacles burn!
The jelly is lightly wounded.
You are too injured to fight recklessly!
You are too injured to fight recklessly!
You are too injured to fight recklessly!
You hit the jelly.
Your tentacles burn!
The jelly is lightly wounded.
You hit the jelly.
Your tentacles burn!
* * * LOW HITPOINT WARNING * * *
The jelly is moderately wounded.
The jelly hits you.
* * * LOW HITPOINT WARNING * * *
The acid corrodes you!
You are splashed with acid!
You die...

.#####.#.############
.......#.##$.J..P..J#
########.##.P..JP.÷÷#
#.##....÷P.P÷#
#.##...P÷...J#
#.##J..J.....#
#####.##J......P.# #.
#. #.....#########'##
#.####...
#.#######....@J##
#........ #.#
#.######## #.
+........ #.#
##..'....#
#.##........ ####.#
####....# #.##......#
..##.# #.......#
#...≈..P..## #.##.#
#.......#
#..≈≈≈≈.[... #.##.#
#..)..[.#
#...≈≈≈..... #....#
#..))...#
#...≈≈..##.. ######
##.....##
#...≈.≈.##..


You could see a jelly.

Vanquished Creatures
  Sigmund (D:2)
  2 adder zombies (D:2)
  An adder skeleton (D:2)
  A worm (D:2)
  2 dart slugs
  6 ball pythons
  A bat skeleton (D:2)
  7 endoplasms
  4 goblins
  2 hobgoblins (D:2)
  2 quokkas
  3 bats
  A giant cockroach zombie (D:2)
  9 kobolds
  2 rats
44 creatures vanquished.

Vanquished Creatures (others)
  2 fungi (D:2)
  9 toadstools (D:2)
  A withered plant (D:2)
12 creatures vanquished.

Grand Total: 56 creatures vanquished

Notes
Turn   | Place    | Note
-------+----------+-------------------------------------------
     0 | D:1      | Delamore the Octopode Brigand began the quest for the Orb.
     0 | D:1      | Reached XP level 1. HP: 14/14 MP: 1/1
     6 | D:1      | Noticed an anaconda
     6 | D:1      | Noticed a black bear
     6 | D:1      | Noticed a four-headed hydra
   209 | D:1      | Reached XP level 2. HP: 19/19 MP: 2/2
   470 | D:1      | Found a faded altar of an unknown god.
  1240 | D:2      | Reached XP level 3. HP: 24/24 MP: 3/3
  1420 | D:2      | Noticed Sigmund
  1433 | D:2      | HP: 1/24 [Sigmund/puff of flame (8)]
  1434 | D:2      | Killed Sigmund
  1435 | D:2      | Reached skill level 6 in Stealth
  1435 | D:2      | Reached XP level 4. HP: 1/29 MP: 4/4
  1435 | D:2      | Reached XP level 5. HP: 1/34 MP: 5/5
  1876 | D:2      | Reached skill level 7 in Stealth
  2007 | D:2      | Splashed by a jelly's acid

Illustrated notes

Levels and vault maps discovered:
D:1:      onia_arrival_zoo_common, layout_loops_corners,
          dreamdust_ecumenical_altar_grove, minivault_14
D:2:      cheibrodos_fertilizer, layout_basic, serial_undead, serial_undead_d,
          serial_undead_e, serial_undead_c, serial_undead_f, uniq_sigmund

Skill      XL: |  1  2  3  4  5 |
---------------+----------------+-----
Short Blades   | 3 4 |  4.9
Stealth        | 6 7 |  7.0
Fighting       | |  2.0
Throwing       | |  2.0
Dodging        | |  1.0

Action                   |  1- 3 |  4- 6 || total
-------------------------+-------+-------++-------
Melee: Dagger            |    58 |    28 ||    86
       Constrict         |    12 |     3 ||    15
       Tentacles         |     7 |     2 ||     9
Throw: Dart              |     2 |       ||     2
  Use: Scroll            |     1 |       ||     1
       Potion            |     2 |       ||     2
 Stab: Sleeping          |     8 |     5 ||    13
Armor: Skin              |     2 |     1 ||     3
Dodge: Dodged            |    17 |     6 ||    23
